 Dungeon Crawl Stone Soup version 0.21-a0-621-gc60411f (webtiles) character file.

233 Amnesiac the Insei (level 6, -2/41 HPs)
             Began as an Octopode Transmuter on Dec 23, 2017.
             Was an Initiate of Okawaru.
             Slain by Sigmund
             ... wielding a +0 scythe
              (7 damage)
             ... on level 3 of the Dungeon.
             The game lasted 00:05:06 (3863 turns).

Amnesiac the Insei (Octopode Transmuter)            Turns: 3863, Time: 00:05:07

Health: -2/41      AC:  1    Str:  9 (10) XL:     6   Next: 5%
Magic:  3/9        EV: 13    Int: 12 (15) God:    Okawaru [......]
Gold:   86         SH:  0    Dex: 12 (14) Spells: 3/9 levels left

rFire    . . .     SeeInvis .     - Unarmed
rCold    . . .     Gourm    .   (no shield)
rNeg     . . .     Faith    .   (helmet restricted)
rPois    .         Spirit   .   (no amulet)
rElec    .         Reflect  .   (no ring)
rCorr    .         Harm     .   (no ring)
MR       .....                  (no ring)
Stlth    ++........             (no ring)
HPRegen  0.13/turn              (no ring)
MPRegen  0.11/turn              (no ring)
                                (no ring)
                                (no ring)

@: no status effects
A: almost no armour, stealthy swim, amphibious, 8 rings, constrict 8, camouflage
1, gelatinous body 1
a: Renounce Religion


You were on level 3 of the Dungeon.
You worshipped Okawaru.
Okawaru was noncommittal.
You were not hungry.

You visited 2 branches of the dungeon, and saw 5 of its levels.

You collected 86 gold pieces.

Inventory:

Missiles
 a - 20 arrows
 h - 131 stones (quivered)
Armour
 g - a +0 hat
Scrolls
 e - 6 scrolls of identify {!r, unknown}
 f - a scroll of remove curse {!r, unknown}
 i - a scroll of enchant armour {!r, unknown}
 j - a scroll of blinking {!r, unknown}
 k - a scroll of amnesia {!r, unknown}
 m - a scroll of fear {!r, unknown}
 n - a scroll of noise {!r, unknown}
Potions
 d - a potion of degeneration {!q}
Books
 b - a book of Changes

   Spells                             Type                      Level
   a - Beastly Appendage              Transmutation                1
   b - Sticks to Snakes               Transmutation                2
   c - Spider Form                    Transmutation/Poison         3
   d - Ice Form                       Ice/Transmutation            4
   e - Blade Hands                    Transmutation                5
Comestibles
 c - 6 rations
 o - 2 chunks of flesh


   Skills:
 + Level 2.4 Fighting
 + Level 2.4 Dodging
 * Level 4.1 Unarmed Combat
 + Level 2.4 Spellcasting
 * Level 4.1 Transmutations


You had 3 spell levels left.
You knew the following spells:

 Your Spells              Type           Power        Failure   Level  Hunger
a - Beastly Appendage     Tmut           ##....       4%          1    ##.....
b - Sticks to Snakes      Tmut           ##......     7%          2    ###....
e - Spider Form           Tmut/Pois      #.........   32%         3    ####...


Dungeon Overview and Level Annotations

Branches:
Dungeon (4/15)             Temple (1/1) D:4

Altars:
Dithmenos
Elyvilon
Fedhas
Gozag
Kikubaaqudgha
Nemelex Xobeh
Okawaru
Ru
Sif Muna
Trog
Vehumet
Wu Jian
Xom
Yredelemnul

Annotations:
D:3 Amnesiac's ghost, amateur DrTm; Sigmund


Innate Abilities, Weirdness & Mutations

You cannot wear most types of armour.
You are very stealthy in the water. (Stealth+)
You are amphibious.
You can wear up to eight rings at the same time.
You can use your tentacles to constrict eight enemies at once.
Your skin changes colour to match your surroundings (Stealth+).
Your rubbery body absorbs attacks. (AC +1, EV +1)


Message History

You swap places.
Sigmund shouts!
Sigmund laughs darkly.
Sigmund mumbles some strange words.
Sigmund flickers and vanishes!
Deactivating autopickup; reactivate with Ctrl-A.
Something hits you!
You see here 3 scrolls labeled UPIASE HUTRAMP {!r}.
Something barely misses you.
You closely miss something.
You hear some strange, mumbled words.
You are confused.
Are you sure you want to stumble around while confused and next to your ally the ball python?
This could place you under penance!
Okay, then.
Are you sure you want to stumble around while confused and next to your ally the ball python?
This could place you under penance! Something closely misses you.
Are you sure you want to stumble around while confused and next to your ally the ball python?
This could place you under penance!
Okay, then.
Are you sure you want to stumble around while confused and next to your ally the ball python?
This could place you under penance! [Y]es or [N]o only, please.
Are you sure you want to stumble around while confused and next to your ally the ball python?
This could place you under penance!
Okay, then.
Are you sure you want to stumble around while confused and next to your ally the ball python?
This could place you under penance!
Your transformation is almost over.
Are you sure you want to stumble around while confused and next to your ally the ball python?
This could place you under penance!
You're too confused to move!
Something hits you.
Are you sure you want to stumble around while confused and next to your ally the ball python?
This could place you under penance! Something closely misses you.
Are you sure you want to stumble around while confused and next to your ally the ball python?
This could place you under penance! [Y]es or [N]o only, please.
Are you sure you want to stumble around while confused and next to your ally the ball python?
This could place you under penance!
Okay, then.
Really quaff
d - 2 blue potions {!q}?
It was a potion of degeneration {!q}.
There was something very wrong with that liquid.
You feel weakened.
You feel dopey.
You feel clumsy.
You feel less confused.
You bite something! Something hits you.
You hit something but do no damage.
You hear some strange, mumbled words.
A puff of flame appears from out of thin air!
The puff of flame hits you!
* * * LOW HITPOINT WARNING * * *
You hit something but do no damage. Something hits you.
* * * LOW HITPOINT WARNING * * *
You hit something. You hit something but do no damage.
Something barely misses you.
You barely miss something. You hit something but do no damage.
Your transformation has ended.
Your ball python withers and dies!
Something barely misses you.
Casting: Spider Form
Confirm with . or Enter, or press ? or * to list all spells.
You turn into a venomous arachnid creature.
Something hits you!
* * * LOW HITPOINT WARNING * * *
Really quaff
l - an inky potion {!q}?
It was a potion of cancellation {!q}.
Your magical effects are unravelling.
You feel magically purged.
Your transformation has ended.
Something hits you!
You die...

...# #......# ####....# <..#
#......# ########.# #..#
####.######......W.#######.
##.#####..........#####<.........
#..#....#.####### #....#...>..##
##....####.# ##.####......#
#......# #.# ###...# #......#
..####.# #.# #...# #......# ###
..##.# ##@# #......# # #.##.#
##..# #....### # .. .# #{.##
#....# ### #.#.###.## ###.....#
..# #.#....?#######....... #....
............)......... ## #
##...#########...###. # #(.#.###
##....## ########.##...## #..##.#


There were no monsters in sight!

Vanquished Creatures
  A hound (D:2)
  Crazy Yiuf (D:2)
  Jessica (D:2)
  Robin (D:2)
  6 adders
  An ooze (D:2)
  3 worms
  3 dart slugs
  A leopard gecko (D:2)
  An orc (D:2)
  A giant cockroach (D:3)
  14 goblins
  9 hobgoblins
  3 jackals (D:2)
  A quokka (D:2)
  2 ball pythons
  3 bats
  2 frilled lizards
  A jackal skeleton (D:4)
  6 kobolds
  2 rats (D:1)
63 creatures vanquished.

Notes
Turn   | Place    | Note
-------+----------+-------------------------------------------
     0 | D:1      | Amnesiac the Octopode Transmuter began the quest for the Orb.
     0 | D:1      | Reached XP level 1. HP: 13/13 MP: 3/3
     2 | D:1      | Noticed a formicid
     4 | D:1      | Noticed an elf
     4 | D:1      | Noticed a naga
     6 | D:1      | Noticed a merfolk
     8 | D:1      | Noticed a human
     8 | D:1      | Noticed a halfling
    10 | D:1      | Noticed a gargoyle
    10 | D:1      | Noticed a dwarf
    12 | D:1      | Noticed a vampire
    12 | D:1      | Noticed a minotaur
    14 | D:1      | Noticed a troll
    14 | D:1      | Noticed a spriggan
    16 | D:1      | Noticed a demigod
    16 | D:1      | Noticed a ghoul
    18 | D:1      | Noticed a felid
    18 | D:1      | Noticed an ogre
    20 | D:1      | Noticed a vine stalker
    22 | D:1      | Noticed a centaur
    22 | D:1      | Noticed a demonspawn
    24 | D:1      | Noticed an octopode
    26 | D:1      | Noticed a draconian
    26 | D:1      | Noticed a tengu
   375 | D:1      | Reached XP level 2. HP: 17/18 MP: 5/5
   382 | D:1      | Learned a level 2 spell: Sticks to Snakes
   579 | D:4      | Noticed an ogre
   613 | D:4      | Noticed a phantom
   709 | D:4      | Found a staircase to the Ecumenical Temple.
   717 | Temple   | Entered the Ecumenical Temple
   812 | Temple   | Became a worshipper of Warmaster Okawaru
   861 | D:2      | Reached XP level 3. HP: 24/24 MP: 6/6
   865 | D:2      | Noticed Jessica
   866 | D:2      | Learned a level 3 spell: Spider Form
   868 | D:2      | Killed Jessica
   904 | D:2      | Reached XP level 4. HP: 29/29 MP: 3/7
   985 | D:2      | Found a sparkling altar of Nemelex Xobeh.
  2042 | D:2      | Noticed Robin
  2431 | D:2      | Reached XP level 5. HP: 30/34 MP: 8/8
  2506 | D:2      | Found a runed door.
  2664 | D:2      | Killed Robin
  3308 | D:2      | Noticed Crazy Yiuf
  3317 | D:2      | Killed Crazy Yiuf
  3425 | D:3      | Reached XP level 6. HP: 40/41 MP: 9/9
  3483 | D:3      | Noticed Amnesiac's ghost (amateur DrTm)
  3840 | D:3      | Noticed Sigmund
  3863 | D:3      | Slain by Sigmund

Vault maps used:
D:1:      kb_arrival_jail
D:2:      nemelex_dance_club_becter, uniq_robin, uniq_crazy_yiuf_cottage,
          uniq_jessica
D:3:      uniq_sigmund
D:4:      minmay_temple_entry_glassed_door, first_ration,
          kennysheep_small_square
Temple:   nicolae_temple_elliptical

Skill      XL: |  1  2  3  4  5 |
---------------+----------------+-----
Fighting       | 2 |  2.4
Transmutations | 3 4 |  4.1
Unarmed Combat | 4 |  4.1
Dodging        | |  2.4
Spellcasting   | |  2.4

Action                   |  1- 3 |  4- 6 || total
-------------------------+-------+-------++-------
Melee: Unarmed           |    32 |   119 ||   151
       Constrict         |     8 |    21 ||    29
       Tentacles         |     6 |    13 ||    19
       Punch             |       |     2 ||     2
Throw: Stone             |     2 |    65 ||    67
 Cast: Spider Form       |     2 |     7 ||     9
       Sticks to Snakes  |       |     4 ||     4
  Use: Potion            |       |     2 ||     2
 Stab: Sleeping          |     2 |     1 ||     3
  Eat: Chunk             |       |    11 ||    11
Armor: Skin              |       |     8 ||     8
Dodge: Dodged            |    18 |   106 ||   124

Table legend:
 A = Spawn XP
 B = Non-spawn XP
 C = Spawn XP percentage of total XP
 D = Spawn monster count
 E = Non-spawn monster count
 F = Spawn count percentage of total count
 G = Total turns spent on level
                    A         B        C        D         E        F      G
               +---------+---------+-------+---------+---------+-------+---------
         Total |       0 |     334 |   0.0 |       0 |      63 |   0.0 |  3863
               +---------+---------+-------+---------+---------+-------+---------
           D:1 |       0 |      25 |   0.0 |       0 |      14 |   0.0 |  1483
           D:2 |       0 |     248 |   0.0 |       0 |      36 |   0.0 |  1743
           D:3 |       0 |      45 |   0.0 |       0 |      10 |   0.0 |   338
           D:4 |       0 |      16 |   0.0 |       0 |       3 |   0.0 |   191
               +---------+---------+-------+---------+---------+-------+---------
